 Dungeon Crawl Stone Soup version 0.26.0-20-g3ca415f5b8 (webtiles) character file.

Game seed: 15942267541487705611

171 iamoutofideas the Firebug (level 5, 35/35 HPs)
             Began as a Demonspawn Fire Elementalist on Jan 25, 2021.
             Quit the game on level 3 of the Dungeon.
             The game lasted 00:02:25 (2592 turns).

iamoutofideas the Firebug (DsFE)                    Turns: 2592, Time: 00:02:25

Health: 35/35      AC:  3    Str:  9    XL:     5   Next: 26%
Magic:  3/9        EV: 16    Int: 17    God:
Gold:   44         SH:  0    Dex: 13    Spells: 9/10 levels left

rFire    . . .     SeeInvis +   m - +3 short sword
rCold    . . .     Faith    .   (no shield)
rNeg     . . .     Spirit   .   a - +0 robe
rPois    .         Reflect  .   (helmet restricted)
rElec    .         Harm     .   (no cloak)
rCorr    .         Rampage  .   (no gloves)
Will     .....                  q - +0 pair of boots
Stlth    ++........             (no amulet)
HPRegen  0.11/turn              c - +4 ring of evasion
MPRegen  0.11/turn              e - ring of see invisible

@: no status effects
A: horns 1, talons 1, foul stench 1, miasma immunity
a: no special abilities


You were on level 3 of the Dungeon.
You visited 1 branch of the dungeon, and saw 3 of its levels.

You collected 44 gold pieces.

Inventory:

Hand Weapons
 m - a +3 short sword (weapon)
Armour
 a - a +0 robe (worn)
 q - a +0 pair of boots (worn)
Jewellery
 c - a +4 ring of evasion (left hand)
 e - a ring of see invisible (right hand)
Scrolls
 b - 2 scrolls of remove curse {unknown}
 d - a scroll of amnesia {unknown}
 f - 3 scrolls of teleportation {unknown}
 g - 2 scrolls of identify {unknown}
 i - 2 scrolls of enchant armour {unknown}
 k - a scroll of random uselessness {unknown}
 o - a scroll of fear {unknown}
 p - a scroll of magic mapping {unknown}
Potions
 h - a potion of might {unknown}
 j - a potion of heal wounds {unknown}
 l - a potion of cancellation {unknown}
 n - a potion of lignification {unknown}


   Skills:
 - Level 1.7 Dodging
 - Level 1.7 Stealth
 + Level 3.3 Spellcasting
 + Level 2.3 Conjurations
 + Level 4.2 Fire Magic


You had 9 spell levels left.
You knew the following spells:

 Your Spells              Type           Power        Failure   Level
a - Foxfire               Conj/Fire      56%          4%          1

Your spell library contained the following spells:

 Spells                   Type           Power        Failure   Level
 Conjure Flame            Conj/Fire      14%          13%         3
 Inner Flame              Hex/Fire       10%          22%         3
 Sticky Flame             Conj/Fire      14%          41%         4
 Fireball                 Conj/Fire      7%           77%         5


Dungeon Overview and Level Annotations

Branches:
Dungeon (3/15)

Altars:
Kikubaaqudgha
Makhleb


Innate Abilities, Weirdness & Mutations

You have a pair of small horns on your head.
You have sharp toenails.
You may emit foul miasma when damaged in melee.
You are immune to miasma.


Message History

The scorpion closely misses you.
Unknown command.
Casting: Foxfire (safe; 4% risk of failure)
Confirm with . or Enter, or press ? or * to list all spells.
You conjure some foxfire!
The foxfire hits the scorpion.
The scorpion is almost dead.
The foxfire hits the scorpion.
You kill the scorpion!
You have reached level 5!
Your demonic ancestry asserts itself...
You begin to emit a foul stench of rot and decay.
Your foxfire dissipates!
Found a dagger.
You see here a pair of boots.
q - a pair of boots You start putting on your armour.
You continue putting on your pair of boots. x4
You finish putting on your +0 pair of boots.
Unknown command.
Are you sure you want to abandon this character and quit the game? (Confirm with "yes".)

#.# #.###########
#.#..<.......
#.#.#########
#######.#.###...##
.......†.....(....
#######§.....(....
###.#####... #@# #
#.# #.# #.# #..
#.# #). ###


There were no monsters in sight!

Vanquished Creatures
  A scorpion (D:3)
  A vampire bat (D:2)
  A hound (D:2)
  A worm (D:2)
  A leopard gecko (D:2)
  A ball python (D:2)
  2 bats
  A bat skeleton (D:2)
  5 bat zombies (D:2)
  2 giant cockroaches (D:1)
  2 goblins (D:2)
  6 hobgoblins
  3 jackals (D:1)
  A quokka (D:2)
  7 frilled lizards
  6 kobolds
  5 rats
46 creatures vanquished.

Vanquished Creatures (others)
  123 foxfires
123 creatures vanquished.

Grand Total: 169 creatures vanquished

Notes
Turn   | Place    | Note
-------+----------+-------------------------------------------
     0 | D:1      | iamoutofideas the Demonspawn Fire Elementalist began the
                  | quest for the Orb.
     0 | D:1      | Reached XP level 1. HP: 13/13 MP: 3/3
   452 | D:1      | Reached skill level 3 in Fire Magic
   600 | D:1      | Gained mutation: You have a pair of small horns on your
                  | head. [demonic ancestry]
   600 | D:1      | Reached XP level 2. HP: 19/19 MP: 1/5
  1611 | D:2      | Gained mutation: You are immune to miasma. [demonic
                  | ancestry]
  1611 | D:2      | Reached XP level 3. HP: 22/24 MP: 0/6
  1669 | D:2      | Found an ancient bone altar of Kikubaaqudgha.
  1677 | D:2      | Gained mutation: You have sharp toenails. [demonic
                  | ancestry]
  1677 | D:2      | Reached XP level 4. HP: 30/30 MP: 1/8
  2301 | D:2      | Found a burning altar of Makhleb.
  2309 | D:2      | Reached skill level 4 in Fire Magic
  2582 | D:3      | Gained mutation: You may emit foul miasma when damaged in
                  | melee. [demonic ancestry]
  2582 | D:3      | Reached XP level 5. HP: 35/35 MP: 2/9
  2592 | D:3      | Quit the game

Illustrated notes

Levels and vault maps discovered:
D:1:      psy_arrival_whirlpool, layout_loops_corners
D:2:      layout_loops_cross, kennysheep_vampire_church,
          makhleb_heckhound_becter, palyth_stone_intersect
D:3:      kb_forest_paths, layout_loops_ring, uniq_jessica

Skill      XL: |  1  2  3  4 |
---------------+-------------+-----
Fire Magic     | 3 4 |  4.2
Spellcasting   | 3 |  3.3
Conjurations   | 2 |  2.3
Dodging        | |  1.7
Stealth        | |  1.7

Action                   |  1- 3 |  4- 6 || total
-------------------------+-------+-------++-------
Melee: Unarmed           |    20 |     1 ||    21
       Headbutt          |     1 |     2 ||     3
       Short sword       |       |    26 ||    26
       Kick              |       |     1 ||     1
 Cast: Foxfire           |    50 |    38 ||    88
 Stab: Sleeping          |       |     2 ||     2
Armor: Robe              |    21 |     5 ||    26
Dodge: Dodged            |    47 |    39 ||    86
